 Dungeon Crawl Stone Soup version 0.31.0-1-g2c135a008e (webtiles) character file.

Game seed: 5555446075982734853

57 qw the Shooter (level 4, -17/35 HPs)
             Began as a Djinni Hunter on Jan 24, 2024.
             Demolished by an ogre
             ... wielding a +0 giant spiked club
              (27 damage)
             ... on level 2 of the Dungeon.
             The game lasted 00:00:03 (1140 turns).

qw the Shooter (Djinni Hunter)                      Turns: 1140, Time: 00:00:04

Health: -17/35     AC:  4    Str: 10    XL:     4   Next: 18%
Gold:   96         EV: 12    Int: 11    God:
                   SH:  0    Dex: 18

rFire   + + .        a - +0 shortbow
rCold   x . .        (shield currently unavailable)
rNeg    . . .        c - +0 leather armour
rPois   inf          e - +0 helmet
rElec   .            (no cloak)
rCorr   .            (no gloves)
SInv    .            (boots unavailable)
Will    .....        (no amulet)
Stlth   ++           (no ring)
HPRegen 0.25/turn    (no ring)
MPRegen 0.00/turn

%: infuse magic (-18 HP)
@: flying
A: sickness immunity, fire resistance 2, cold vulnerability 1, float, innate
caster, HP casting, extra vitality 1
a: no special abilities


You were on level 2 of the Dungeon.
You visited 1 branch of the dungeon, and saw 2 of its levels.

You collected 96 gold pieces.


Innate Abilities, Weirdness & Mutations

You are immune to sickness and miasma.
You are immune to poison.
Your flesh is very heat resistant. (rF++)
You are vulnerable to cold. (rC-)
You float through the air rather than walking.
You learn spells naturally, not from books.
Your magical power is your life essence.
You have superior vitality. (+4 MHP)


   Skills:
 - Level 3.0 Fighting
 - Level 4.0 Ranged Weapons
 + Level 2.4 Dodging
 - Level 0.7 Stealth


You knew the following spells:

 Your Spells              Type           Power      Damage    Failure   Level
a - Necrotise             Necr           0%         1d4       43%         1
Your spell library was empty.

Inventory:

Hand Weapons
 a - a +0 shortbow (weapon)
Armour
 c - a +0 leather armour (worn)
 e - a +0 helmet (worn)
Scrolls
 b - 2 scrolls of revelation {unknown}
 d - a scroll of fog {unknown}
 g - a scroll of identify
Potions
 f - a potion of cancellation
 h - a potion of curing
 i - a potion of might

Dungeon Overview and Level Annotations

Branches:
Dungeon (2/15)

Altars:


Message History

You start resting.
HP restored.
A frilled lizard comes into view.
Found a scroll labelled BIVVERHUCSET.
You shoot an arrow. The arrow hits the frilled lizard!
You kill the frilled lizard!
b - 2 scrolls labelled BIVVERHUCSET (gained 1)
You see here a frilled lizard corpse.
An ogre comes into view. It is wielding a +0 giant spiked club.
The ogre shouts!
You shoot an arrow. The arrow hits the ogre.
The ogre is lightly wounded.
You shoot an arrow. The arrow barely misses the ogre.
You shoot an arrow. The arrow hits the ogre.
The ogre is lightly wounded.
You shoot an arrow. The arrow barely misses the ogre.
You shoot an arrow. The arrow barely misses the ogre.
The ogre completely misses you.
You shoot an arrow.
The arrow hits the ogre but does no damage.
The ogre is lightly wounded.
The ogre hits you with a +0 giant spiked club!
You shoot an arrow. The arrow hits the ogre!
The ogre is moderately wounded.
The ogre completely misses you.
You shoot an arrow. The arrow barely misses the ogre.
The ogre hits you with a +0 giant spiked club!
You shoot an arrow. The arrow hits the ogre.
The ogre is heavily wounded.
You shoot an arrow. The arrow barely misses the ogre.
The ogre closely misses you.
You shoot an arrow.
The arrow hits the ogre but does no damage.
The ogre is heavily wounded.
The ogre misses you.
You shoot an arrow. The arrow hits the ogre.
The ogre is severely wounded.
The ogre hits you with a +0 giant spiked club!!
Ouch! That really hurt!
You die...

#####.#.#.#.####.##.# #.#.#
#.#...#.# #.##.# #.#.#
#####.#.#.#.# #.##.# #.#.#
......%...#.# #.##.# #.#.#
......#####.####.##.###.#.##
......................>....#
##..#.#####...........#%####
#.|#.......####.######.#
#..#.#.#......#@# #.#
#....#.#..###.#O# #.#
#....#.#..# #.# #.#
#....#.#.## #.# #.#
#..#.#.#.# #.# #.#
#..#.#.#.# #.# #..#.#.#..
#.# ####.# ##. ... .#


You could see an ogre.

Vanquished Creatures
  2 dart slugs (D:1)
  5 ball pythons (D:1)
  3 bats (D:1)
  5 endoplasms (D:1)
  3 giant cockroaches (D:1)
  7 goblins (D:1)
  7 hobgoblins
  4 quokkas (D:1)
  3 frilled lizards
  2 kobolds (D:1)
  5 rats
46 creatures vanquished.

Notes
Turn   | Place    | Note
-------+----------+-------------------------------------------
     0 | D:1      | qw the Djinni Hunter began the quest for the Orb.
     0 | D:1      | Reached XP level 1. HP: 18/18 MP: 0/0
     0 | D:1      | 0 ||| qw: Version: 0.3-a-136-gdd3b4e8
     0 | D:1      | 0 ||| qw: Game counter: 1412
     0 | D:1      | 0 ||| qw: Melee chars always use a shield: true
     0 | D:1      | 0 ||| qw: God list: Okawaru
     0 | D:1      | 0 ||| qw: Allow faded altars: false
     0 | D:1      | 0 ||| qw: Do Orc after clearing Dungeon:15 true
     0 | D:1      | 0 ||| qw: Do second Lair branch before Depths: true
     0 | D:1      | 0 ||| qw: Lair rune preference: random
     0 | D:1      | 0 ||| qw: Goals: Normal
     0 | D:1      | 0 ||| PLANNING D:1-11
    52 | D:1      | Reached XP level 2. HP: 23/23 MP: 0/0
   264 | D:1      | Reached skill level 4 in Ranged Weapons
   264 | D:1      | Reached XP level 3. HP: 28/28 MP: 0/0
   264 | D:1      | Learned a level 1 spell: Necrotise
   443 | D:1      | Reached XP level 4. HP: 34/34 MP: 0/0
   624 | D:1      | Reached skill level 3 in Fighting
   771 | D:1      | 771 ||| UPGRADING to +0 helmet.
   776 | D:1      | 776 ||| READING scroll labelled AFUBRY BISIU.
   776 | D:1      | 776 ||| IDENTIFYING smoky puce potion
   777 | D:1      | 777 ||| READING scroll labelled ORAYKKE NIRUFO.
   878 | D:1      | 878 ||| DRINKING 2 silvery potions.
   879 | D:1      | 879 ||| DRINKING 2 puce potions.
   880 | D:1      | 880 ||| DROPPING scroll of butterflies.
   962 | D:2      | Found a faded altar of an unknown god.
  1128 | D:2      | Noticed an ogre
  1136 | D:2      | HP: 8/35 [ogre/+0 giant spiked club (10)]
  1140 | D:2      | Demolished by an ogre

Levels and vault maps discovered:
D:1:      dpeg_arrival_subterranean_lakeside_camping, layout_basic
D:2:      minmay_chambers_of_ones, layout_basic, serial_shops,
          nicolae_shop_peninsula, hellmonk_ecumenical_altar_blasted

Skill      XL: |  1  2  3  4 |
---------------+-------------+-----
Ranged Weapons | 4 |  4.0
Fighting       | 3 |  3.0
Dodging        | |  2.4
Stealth        | |  0.7

Action                     |  1- 3 |  4- 6 || total
---------------------------+-------+-------++-------
   Fire: Shortbow          |    88 |    24 ||   112
    Use: Scroll            |       |     2 ||     2
         Potion            |       |     2 ||     2
 Armour: Leather armour    |    17 |     5 ||    22
  Dodge: Dodged            |    24 |     5 ||    29

Table legend:
 A = Non-vault XP
 B = Vault XP
 C = Vault XP percentage of total XP
 D = Non-vault monster count
 E = Vault monster count
 F = Vault count percentage of total count
                 A         B        C        D         E       F
            +---------+---------+-------+---------+---------+-------
      Total |      72 |      10 |  12.2 |      40 |       6 |  13.0
            +---------+---------+-------+---------+---------+-------
        D:1 |      65 |      10 |  13.3 |      35 |       6 |  14.6
        D:2 |       7 |       0 |   0.0 |       5 |       0 |   0.0
            +---------+---------+-------+---------+---------+-------
